[Event "*** Titled Tuesday Blitz"]
[Site "Chess.com"]
[Date "2021.03.09"]
[Round "10"]
[White "AldokhinIvan"]
[Black "ErikRonka"]
[Result "0-1"]
[WhiteElo "2504"]
[BlackElo "2416"]
[TimeControl "180+1"]
[EndTime "12:00:42 PST"]
[Termination "ErikRonka won by checkmate"]

1. e4 g6 2. d4 Bg7 3. Nc3 c6 4.
Bg5 Qb6 5. Qd2 Qxd4 6. Qxd4 Bxd4 7. Nge2 Bg7 8. O-O-O d6 9. h4 h6 10. Be3 Nf6 11. f3 Nbd7 12. g4 Ne5 13. Bg2 b6 14.
Ng3 Bb7 15. g5 Nfd7 16. f4 Nc4 17. Bf2 b5 18. e5 d5 19. e6 fxe6 20. Bh3 e5 21. f5 Nd6 22. fxg6 hxg5 23. hxg5 O-O-O 24. Be6 Kc7 25. Rh7 Rxh7 26. gxh7 Nf8 27. Bg8 Ng6 28.
Nh5 Bh8 29. Bg3 Rf8 30. a4 b4 31. Na2 a5 32. Kb1 Kb6 33. c3 Ne4 34. Be1 Nxg5 35. cxb4 axb4 36. Nxb4 Nf3 37. a5+ Kc7 38. Bg3 Rf5 39. Rh1 Nd2+ 40. Kc2 Ne4 41. Be6 Rg5 42.
Be1 Kd6 43. a6 Bxa6 44. Nxa6 Kxe6 45. b4 Nd6 46. Nc5+ Kf7 47. Rh3 Nf4 48. Nxf4 exf4 49. Bh4 Rg2+ 50. Kd3 e5 51. Ne4 dxe4+ 52. Kc3 e3 53.
Kb3 e4 54. Rh1 Kg6 55. Be1 e2 56. Rh4 f3 57. Rxe4 Nxe4 58. Kc4 f2 59. Bxf2 Rxf2 60. Kd3 e1=Q 61. b5 Qd2+ 62. Kc4 cxb5+ 63. Kxb5 Qd5+ 64.
Ka6 Ra2+ 65. Kb6 Rb2+ 66. Kc7 Rc2+ 67. Kb8 Qb3+ 68. Ka8 Ra2# 0-1

[Event "*** Titled Tuesday Blitz"]
[Site "Chess.com"]
[Date "2021.03.09"]
[Round "10"]
[White "Nemsko"]
[Black "Balla_Tamas"]
[Result "1/2-1/2"]
[WhiteElo "2296"]
[BlackElo "2443"]
[TimeControl "180+1"]
[EndTime "12:00:42 PST"]
[Termination "Game drawn - insufficient material"]

1. e4 c5 2. Nf3 e6 3. d4 cxd4 4. Nxd4 a6 5. c4 Nf6 6. Nc3 Qc7 7. Be3 Bb4 8. Qd3 d5 9. exd5 exd5 10. cxd5 Nxd5 11.
Bd2 Nxc3 12. bxc3 Bc5 13. Be2 O-O 14. O-O Nc6 15. Nxc6 Qxc6 16. Bf3 Qc7 17. Be3 Bxe3 18. Qxe3 Be6 19. Rab1 Rab8 20. Rb2 b5 21. h3 Rbc8 22.
Rc1 Qc5 23. Qf4 Rc7 24. Be4 Qc4 25. Rd2 Rfc8 26. Qh4 f5 27. Rd8+ Rxd8 28. Qxd8+ Kf7 29. Bf3 Rd7 30. Qh8 Qh4 31. Qb8 Rd2 32. Qb6 Rxa2 33. Re1 Qf6 34. Qc7+ Qe7 35. Qxe7+ Kxe7 36. Bd5 Rc2 37.
Rxe6+ Kd7 38. Rxa6 Rxc3 39. Bf3 Ke7 40. Rb6 Rb3 41.
Kh2 b4 42. Rb7+ Kf6 43. Rb6+ Ke7 44. Rb7+ Kf6 45. Rb6+ Kg5 46. Rb5 g6 47. Bd5 Rb2 48.
Bc4 Rxf2 49. Rxb4 Rf4 50. Kg3 h5 51. Ra4 h4+ 52. Kh2 Re4 53. Bb5 Re3 54. Rb4 Rg3 55. Be8 Re3 56. Rb6 Rxe8 57. Rb4 Re3 58. Rb6 Rg3 59. Rb4 Rd3 60. Rb6 Re3 61. Rb4 Re4 62.
Rb6 Kh5 63. Rb8 Re1 64. Rh8+ Kg5 65. Rb8 Kf4 66. Rb4+ Kg5 67. Rb8 Kf6 68. Rb4 g5 69. Rb6+ Re6 70. Rb4 Re1 71. Rb6+ Kg7 72. Rb7+ Kg6 73.
Rb6+ Kh5 74. Rb5 Rf1 75. Rb4 g4 76. hxg4+ fxg4 77. Rb5+ Kg6 78. Rb6+ Kg5 79. Rb5+ Rf5 80.
Rb4 Rf4 81. Rb5+ Rf5 82. Rb4 Rc5 83. Rb8 Rc2 84. Rg8+ Kf5 85. Rf8+ Ke5 86. Re8+ Kf6 87. Rf8+ Ke7 88. Rf4 h3 89. Rxg4 Rxg2+ 90. Rxg2 hxg2 91. Kxg2 1/2-1/2

[Event "*** Titled Tuesday Blitz"]
[Site "Chess.com"]
[Date "2021.03.09"]
[Round "10"]
[White "kuba2006"]
[Black "PetrolulSah"]
[Result "1-0"]
[WhiteElo "2349"]
[BlackElo "2205"]
[TimeControl "180+1"]
[EndTime "12:00:45 PST"]
[Termination "kuba2006 won by resignation"]

1. b3 Nf6 2. Bb2 g6 3. e4 Bg7 4. e5 Nd5 5. c4 Nb6 6. d4 O-O 7. Nf3 d6 8. exd6 cxd6 9. Be2 Nc6 10. O-O Bg4 11. Nbd2 e5 12. dxe5 dxe5 13. h3 Bf5 14. Nh2 Nd4 15. Bxd4 exd4 16. Bg4 Qd7 17. Bxf5 Qxf5 18.
Qf3 Qxf3 19. Nhxf3 Rfe8 20. Rfe1 f5 21. Rxe8+ Rxe8 22. Re1 Rxe1+ 23. Nxe1 Kf7 24. Nd3 Nd7 25. f4 Bf8 26. Nf3 Nc5 27. Nde5+ Ke8 28. Nxd4 Ne4 29. Kf1 Bc5 30. Nef3 Ng3+ 31. Ke1 Nh5 32. Ne6 Be3 33. g4 fxg4 34. hxg4 Nxf4 35. Nc7+ Kd7 36. Nb5 a6 37. Nc3 Bc5 38. Ne4 Be7 39. Kd2 h5 40. gxh5 gxh5 41. Ke3 Ne6 42. Ne5+ Ke8 43. Kf3 Ng5+ 44. Nxg5 Bxg5 45.
Ng6 Kf7 46. Ne5+ Ke6 47. Nd3 b6 48. Ke4 Be7 49. Nf4+ Kd6 50. Nxh5 Kc5 51. Nf4 Bh4 52.
Nd3+ Kd6 53. Kd4 Bf6+ 54. Ke4 Bg7 55. Kf5 Bh8 56. Kg6 b5 57. c5+ Kd5 58. b4 Kd4 59.
c6 Kxd3 60. c7 Bc3 61. c8=Q Bxb4 62. Qxa6 Kc4 63. Qc6+ Bc5 64. Kf5 b4 65. Ke4 b3 66.
axb3+ Kb4 67. Qa4+ Kc3 68. Qc4+ Kb2 69. Qxc5 Kb1 70. b4 Ka2 71. b5 1-0

[Event "*** Titled Tuesday Blitz"]
[Site "Chess.com"]
[Date "2021.03.09"]
[Round "10"]
[White "LubovMarkelova"]
[Black "JiiHart"]
[Result "1-0"]
[WhiteElo "2224"]
[BlackElo "2068"]
[TimeControl "180+1"]
[EndTime "12:00:48 PST"]
[Termination "LubovMarkelova won by resignation"]

1. Nf3 Nf6 2. c4 e6 3. Nc3 c5 4. e3 Nc6 5. d4 d5 6. cxd5 Nxd5 7. Bd3 cxd4 8. exd4 Be7 9. O-O O-O 10. Re1 Bf6 11. Ne4 h6 12. Nxf6+ Qxf6 13. Be4 Rd8 14. Be3 Bd7 15.
Rc1 Be8 16. Qe2 a6 17. Bb1 Nf4 18. Qc2 g6 19. Qe4 g5 20. Ne5 Nxe5 21. dxe5 Qg6 22. Qxb7 Rab8 23. Qxb8 Rxb8 24. Bxg6 Nxg6 25. b3 Nxe5 26. Ba7 Rb5 27. Rc8 Kf8 28. a4 Rd5 29. Bc5+ Rxc5 30. Rxc5 Nd3 31. Rec1 Nxc1 32. Rxc1 Ke7 33.
f3 Kd6 34. Kf2 Bc6 35. Ke3 f5 36. Rc3 e5 37. h4 f4+ 38. Kd2 gxh4 39. Rc1 h3 40.
gxh3 Bxf3 41. h4 Bd5 42. b4 e4 43. b5 axb5 44. axb5 e3+ 45. Ke2 Ke5 46. b6 Ke4 47.
Rc5 f3+ 48. Ke1 f2+ 49. Ke2 Bb7 50. Rc4+ Kd5 51. Ra4 Bc6 52. Ra1 Bb5+ 53. Kxe3 Kc6 54. Rc1+ Kxb6 55. Kxf2 Bc6 56. Kg3 Kc7 57. Kf4 Kd7 58. Kf5 Bf3 59. Kg6 h5 60. Kg5 Kd6 61.
Rc3 Kd5 62. Rxf3 Ke4 63. Rf8 Ke3 64. Kxh5 Ke4 65. Kg6 Ke5 66. h5 Ke6 67. h6 Ke7 68. Kg7 Ke6 69. h7 1-0

[Event "*** Titled Tuesday Blitz"]
[Site "Chess.com"]
[Date "2021.03.09"]
[Round "10"]
[White "AliKa2810"]
[Black "kai_nov"]
[Result "1-0"]
[WhiteElo "2553"]
[BlackElo "2436"]
[TimeControl "180+1"]
[EndTime "12:00:52 PST"]
[Termination "AliKa2810 won by checkmate"]

1. c4 e6 2. Nc3 d5 3. d4 c6 4.
e4 dxe4 5. Nxe4 Bb4+ 6. Bd2 Qxd4 7. Bxb4 Qxe4+ 8. Be2 Na6 9. Ba5 b6 10. Qd6 Bd7 11. Bc3 f6 12. O-O-O O-O-O 13. Qa3 Kb7 14.
c5 Nc7 15. cxb6 axb6 16. Bd3 Qxg2 17. Ne2 Qg5+ 18. f4 Qc5 19. Qxc5 bxc5 20. Rhg1 g6 21. a4 Nd5 22. Be1 Nge7 23. Bf2 Nb4 24. Bc4 e5 25.
Bxc5 Ned5 26. fxe5 fxe5 27. Nc3 Bf5 28. a5 Nf4 29. Bxb4 Rd4 30. a6+ Kb6 31. Na4+ Kc7 32. Ba5+ Kb8 33. Rxd4 exd4 34. Bb6 d3 35. a7+ Kb7 36. Re1 Ne2+ 37. Kd2 Re8 38. Bxd3 Bxd3 39. Kxd3 Nf4+ 40. Kd2 Rxe1 41. Kxe1 Nd5 42. Nc5+ Ka8 43. Nd7 Nxb6 44. Nxb6+ Kxa7 45. Nc4 Ka6 46. Kd2 Kb5 47. Kc3 Kc5 48. Ne3 h6 49. h4 g5 50. h5 Kd6 51.
Kd4 Ke6 52. Ke4 c5 53. Nf5 g4 54. Nxh6 g3 55. Kf3 Kf6 56. Ng4+ Kg5 57. h6 g2 58.
Kxg2 Kxg4 59. h7 Kf4 60. h8=Q Ke3 61. Qe5+ Kd3 62. Kf2 Kc4 63. Qc3+ Kb5 64. Ke3 Ka4 65. Ke4 Kb5 66. Kd5 Ka4 67. Qc4+ Ka5 68. Qxc5+ Ka4 69. Qc4+ Ka5 70. Qb3 Ka6 71. Qb4 Ka7 72. Qb5 Ka8 73. Kc6 Ka7 74. Qb7# 1-0

[Event "*** Titled Tuesday Blitz"]
[Site "Chess.com"]
[Date "2021.03.09"]
[Round "10"]
[White "eduardoperalta"]
[Black "PavelChernomordik"]
[Result "0-1"]
[WhiteElo "2516"]
[BlackElo "2423"]
[TimeControl "180+1"]
[EndTime "12:00:52 PST"]
[Termination "PavelChernomordik won by resignation"]

1. d4 g6 2. c4 Bg7 3. Nc3 d6 4. e4 c6 5. f3 a6 6. Be3 b5 7. Qd2 Nd7 8. Rc1 Bb7 9. Nh3 Nb6 10. b3 bxc4 11. bxc4 a5 12. Be2 Ba6 13. Nd1 Nf6 14.
O-O O-O 15. Nb2 Qc7 16. Nf2 c5 17. d5 Nfd7 18. Bh6 a4 19. Bxg7 Kxg7 20. f4 a3 21.
Nbd1 Na4 22. Bd3 Rab8 23. h4 Nb2 24. Ne3 Rb4 25. h5 Rfb8 26. Qc3+ f6 27. hxg6 hxg6 28.
Qxa3 Ra4 29. Qc3 Nxd3 30. Nxd3 Rxa2 31. e5 Qa5 32. exf6+ exf6 33. Qxa5 Rxa5 34. Ra1 Rxa1 35. Rxa1 Bc8 36. Ra3 Rb1+ 37. Kf2 Kf7 38. Ke2 Ke7 39. g4 Kd8 40. Kd2 Kc7 41. Nd1 Nb6 42. N3b2 Bxg4 43. Kc2 Bf5+ 44. Kd2 Bg4 45. Kc2 Bf5+ 46. Kc3 Rc1+ 47.
Kd2 Rxc4 48. Ra7+ Kb8 49. Nxc4 Nxc4+ 50. Kc3 Kxa7 51. Kxc4 g5 52. Ne3 Bd7 53. f5 Kb6 54. Ng4 Bxf5 55. Nxf6 g4 56. Nh5 Ka5 57. Ng3 Bg6 58. Ne2 Ka4 59. Ng3 Ka3 60. Kc3 Bf7 61. Nf5 Bxd5 62. Nxd6 g3 63. Nf5 g2 64. Ne3 g1=Q 65.
Nxd5 Qd4+ 66. Kc2 0-1

[Event "*** Titled Tuesday Blitz"]
[Site "Chess.com"]
[Date "2021.03.09"]
[Round "10"]
[White "azikom"]
[Black "Sam_ChessMood"]
[Result "1/2-1/2"]
[WhiteElo "2660"]
[BlackElo "2869"]
[TimeControl "180+1"]
[EndTime "12:00:53 PST"]
[Termination "Game drawn by repetition"]

1. d4 d5 2. Nf3 Nf6 3. c4 c6 4. e3 Bf5 5. cxd5 cxd5 6. Nc3 Nc6 7.
Qb3 Na5 8. Bb5+ Bd7 9. Qa4 Nc6 10. Ne5 a6 11. Bxc6 bxc6 12. Bd2 e6 13. Rc1 c5 14.
Nxd7 Qxd7 15. dxc5 Bxc5 16. Qxd7+ Nxd7 17. Na4 Bd6 18. Ke2 Ke7 19. Rc2 Rhb8 20. Rhc1 Nb6 21. Nxb6 Rxb6 22.
Ba5 Rb7 23. Bc7 Kd7 24. Bxd6 Kxd6 25. Rc6+ Kd7 26. b3 a5 27. R6c3 a4 28. R1c2 axb3 29. axb3 Rab8 30. Rb2 Kd6 31. f4 h6 32. h4 Rb4 33. g3 g5 34. hxg5 hxg5 35. Kf3 f5 36. fxg5 Rg8 37. Ra2 Rxg5 38. Ra6+ Ke5 39. Ra4 Rbg4 40. Rxg4 Rxg4 41. Rd3 Rb4 42. Rc3 Kf6 43.
Ke2 Ke7 44. Kf2 Kd6 45. Ke2 e5 46. Kf2 d4 47. exd4 exd4 48. Rf3 Ke5 49. Ke2 Rb8 50. Kd2 Ra8 51. b4 Ra2+ 52. Kc1 Ke4 53. Rb3 d3 54. b5 Ke3 55. b6 Ra1+ 56. Kb2 Ra8 57. b7 Rb8 58. Rb6 Kf3 59. Kc3 Kxg3 60.
Kxd3 Kf3 61. Rf6 f4 62. Rb6 Kf2 63. Rb2+ Kf3 64. Rb1 Kf2 65. Rb2+ Kf3 66. Rb1 Kf2 67. Rb2+ 1/2-1/2

[Event "*** Titled Tuesday Blitz"]
[Site "Chess.com"]
[Date "2021.03.09"]
[Round "10"]
[White "Vsevolod_Ovchinnikov"]
[Black "Supernotar"]
[Result "0-1"]
[WhiteElo "2507"]
[BlackElo "2715"]
[TimeControl "180+1"]
[EndTime "12:00:53 PST"]
[Termination "Supernotar won by resignation"]

1. d4 d5 2. c4 dxc4 3. Nf3 Nf6 4.
e3 e6 5. Bxc4 a6 6. O-O b5 7.
Bd3 Bb7 8. Nc3 Nbd7 9. e4 Be7 10. Re1 O-O 11. e5 Nd5 12. Ne4 c5 13. Bg5 cxd4 14.
Bxe7 Qxe7 15. Nd6 Nxe5 16. Nxb7 Nxd3 17. Qxd3 Qxb7 18. Nxd4 Rfd8 19. Qg3 Rac8 20. Nf3 Rc2 21. b3 h6 22. Ne5 Qb6 23. Ng4 Kf8 24. Rad1 Rdc8 25. Ne5 Kg8 26. Qf3 Nf6 27. h4 R8c3 28.
Qa8+ Kh7 29. Rf1 Qc7 30. Rde1 Rxa2 31. Qf8 Rcc2 32. h5 Nxh5 33. Nxf7 Re2 34. Rxe2 Rxe2 35. Qh8+ Kg6 36. Nd8 Qe7 37. Nc6 Qg5 38. Qe8+ Kh7 39. Nd4 Nf4 40. g3 Nh3+ 41. Kg2 Nf4+ 42. Kg1 Rb2 43. Qc6 Ne2+ 44. Nxe2 Rxe2 45. Qxa6 Re5 46. Qc6 Qf5 47. Qg2 h5 48. Qc6 Re2 49. Qh1 Qg4 50.
Qg2 h4 51. gxh4 Qxh4 52. Qh2 Qxh2+ 53. Kxh2 Rb2 54. Re1 Rxf2+ 55. Kg1 Rb2 56. Re3 Kg8 57. Rxe6 Rxb3 58. Kf2 b4 59. Rb6 Kh7 60. Ke2 Rb1 61. Kd2 b3 62. Kc3 g6 63. Rxb3 Rxb3+ 64. Kxb3 Kh6 65. Kc3 Kg5 66. Kd2 Kg4 67. Ke1 Kg3 68. Kf1 g5 69. Kg1 g4 70. Kf1 Kh2 71. Ke2 g3 72.
Ke3 g2 73. Kf4 g1=Q 0-1

[Event "*** Titled Tuesday Blitz"]
[Site "Chess.com"]
[Date "2021.03.09"]
[Round "10"]
[White "pfalcon1949"]
[Black "HrvojeZagreb"]
[Result "0-1"]
[WhiteElo "2061"]
[BlackElo "2268"]
[TimeControl "180+1"]
[EndTime "12:00:53 PST"]
[Termination "HrvojeZagreb won by checkmate"]

1. c4 f5 2. Nc3 Nf6 3. g3 e5 4.
Bg2 d6 5. d3 Be7 6. e4 Nc6 7.
Nge2 O-O 8. O-O Qe8 9. exf5 Bxf5 10. d4 Bg4 11. f3 exd4 12. Nxd4 Bd7 13. Re1 Qf7 14.
b3 Nxd4 15. Qxd4 Bc6 16. Bb2 Nd7 17. Nd5 Bxd5 18. cxd5 Bf6 19. Qd2 Bxb2 20. Qxb2 Qxd5 21. Re7 Rf7 22. Rae1 Ne5 23. Rxf7 Qxf7 24. Qe2 c6 25. f4 Ng6 26. Bh3 Qf6 27. Be6+ Kh8 28. f5 Ne5 29. Qh5 Rf8 30. Re4 g6 31. Qh6 gxf5 32. Rh4 Qxh6 33. Rxh6 f4 34. gxf4 Rxf4 35. Bh3 Rd4 36.
Re6 Ng6 37. Re8+ Kg7 38. Rb8 Rb4 39. Ra8 a6 40. Rd8 d5 41. Rd7+ Kh6 42. Be6 a5 43.
Bg8 Kg5 44. Rxh7 Nf4 45. Rg7+ Kf6 46. Rf7+ Ke5 47. Re7+ Kd6 48. Rf7 Ne2+ 49. Kf2 Nd4 50. Rf6+ Kc5 51. Bh7 a4 52. bxa4 Rxa4 53. Rf7 Rxa2+ 54. Kg3 b5 55. Rc7 Ra3+ 56. Kf4 Ne6+ 57. Ke5 Nxc7 58. Bf5 Ra2 59. Bd7 Rxh2 60. Kf6 Rh6+ 61. Kg5 Rh7 62. Bf5 Rg7+ 63. Kf6 Rg8 64. Bh7 Rf8+ 65. Ke7 Rb8 66. Kd7 b4 67. Kxc7 b3 68.
Kxb8 b2 69. Kc7 Kc4 70. Bb1 d4 71. Kxc6 Kc3 72. Kb5 d3 73. Bxd3 Kxd3 74. Kc5 b1=Q 75. Kd6 Qc2 76. Ke5 Qc4 77. Kf5 Qe4+ 78. Kf6 Kd4 79.
Kg7 Kd5 80. Kh6 Qg2 81. Kh7 Ke6 82. Kh8 Kf7 83. Kh7 Qg7# 0-1

[Event "*** Titled Tuesday Blitz"]
[Site "Chess.com"]
[Date "2021.03.09"]
[Round "10"]
[White "mapleaff"]
[Black "GMJustin"]
[Result "1-0"]
[WhiteElo "2408"]
[BlackElo "2278"]
[TimeControl "180+1"]
[EndTime "12:00:54 PST"]
[Termination "mapleaff won on time"]

1. e4 e5 2. Nf3 Nc6 3. Bb5 a6 4.
Ba4 Nf6 5. O-O Nxe4 6. d4 b5 7. Bb3 d5 8. dxe5 Be6 9. Qe2 Bc5 10. Be3 O-O 11. Rd1 Ne7 12. Nbd2 Bxe3 13. Qxe3 Nf5 14. Qf4 g5 15. Qg4 Ng7 16. Nxe4 Bxg4 17. Nf6+ Kh8 18. Nxg4 c6 19. Nf6 Ne8 20. Ng4 Qe7 21.
c3 h5 22. Ne3 g4 23. Nd4 Rc8 24. Re1 Ng7 25. Rad1 Rfe8 26. Nef5 Nxf5 27. Nxf5 Qc7 28. Nd6 Re6 29. Nxc8 Qxc8 30. Re3 Qe8 31. Rde1 Qe7 32. Bc2 Kg7 33. Bf5 Rh6 34. h3 Qg5 35. Bc2 Re6 36.
hxg4 hxg4 37. Rg3 Qf4 38. Bd1 Rxe5 39. Rf1 Re4 40. Rxg4+ Qxg4 41. Bxg4 Rxg4 42. f3 Ra4 43. a3 Kf6 44. Re1 c5 45. Rd1 Ke6 46. Re1+ Kd6 47. Re8 d4 48. Rd8+ Kc7 49. Rd5 Kc6 50. Rd8 dxc3 51.
bxc3 Rxa3 52. Ra8 Kb6 53. Rf8 Rxc3 54. Rxf7 b4 55. g4 b3 56. Rf8 Kc7 57. Kg2 b2 58.
Rf7+ Kc6 59. Kg3 b1=Q 60. Rf6+ 1-0

[Event "*** Titled Tuesday Blitz"]
[Site "Chess.com"]
[Date "2021.03.09"]
[Round "10"]
[White "anon481216"]
[Black "muchojogo"]
[Result "0-1"]
[WhiteElo "2516"]
[BlackElo "2406"]
[TimeControl "180+1"]
[EndTime "12:00:59 PST"]
[Termination "muchojogo won on time"]

1. d4 Nf6 2. c4 c5 3. d5 b5 4.
cxb5 a6 5. bxa6 g6 6. Nc3 Bg7 7. e4 O-O 8. e5 Ne8 9. Nf3 d6 10. Bf4 dxe5 11. Nxe5 Bxa6 12. Bxa6 Rxa6 13. O-O Nc7 14. Re1 Rd6 15. Nc6 Nxc6 16. Bxd6 Qxd6 17. dxc6 Qxc6 18. Rxe7 Ne6 19. Qd7 Qb6 20. Qb7 Qa5 21. a4 Bxc3 22. bxc3 Qxc3 23. Rb1 Nd4 24. h3 Qa3 25.
Qd5 Qxa4 26. Rb8 Qd1+ 27. Kh2 Nf3+ 28. Qxf3 Qxf3 29. gxf3 Rxb8 30. Rc7 Rb5 31. Kg3 Kg7 32. Rc6 Ra5 33. f4 Ra3+ 34. Kg2 Rc3 35. Kh2 c4 36. Kg2 h5 37. h4 Kf8 38. Rc7 Rc2 39. Kg3 c3 40. Kf3 Rc1 41. Kg2 c2 42. Kh2 Ke8 43. Kg2 Kd8 44. Rc3 Kd7 45. Rc5 Kd6 46. Rc8 Kd5 47.
Rc7 f5 48. Rc8 Ke4 49. Rc7 Kxf4 50. Rc4+ Ke5 51. Rc5+ Kd4 52. Rc8 Kd3 53. Rd8+ Ke4 54. Rc8 Kf4 55. Rc4+ Ke5 56. Rc8 f4 57. Rc7 Kf5 58. f3 Ke5 59. Rc8 Kd4 60. Rc7 Ke3 61.
Re7+ Kd3 62. Rd7+ Kc3 63. Rc7+ Kb3 64. Rb7+ Kc4 65. Rc7+ Kd5 66. Rc8 Ke5 67. Re8+ Kf5 68. Rc8 Ke6 69. Rc6+ Kd5 70. Rc8 Kd6 71. Rd8+ Kc5 72.
Rc8+ Kd4 73. Rd8+ Ke5 74. Re8+ Kf5 75. Rc8 Re1 76. Rxc2 Re5 77. Rd2 g5 0-1

[Event "*** Titled Tuesday Blitz"]
[Site "Chess.com"]
[Date "2021.03.09"]
[Round "10"]
[White "FMalexhdez"]
[Black "Romadk"]
[Result "1-0"]
[WhiteElo "2184"]
[BlackElo "2312"]
[TimeControl "180+1"]
[EndTime "12:00:59 PST"]
[Termination "FMalexhdez won on time"]

1. e4 c5 2. Nf3 d6 3. d4 cxd4 4. Nxd4 Nf6 5. Nc3 Nc6 6. g3 e5 7. Nde2 Bg4 8. Bg2 Nd4 9. O-O Bf3 10. Be3 Nxe2+ 11. Nxe2 Bxg2 12. Kxg2 Nxe4 13. Qd5 Nf6 14. Qxb7 Be7 15. Qc6+ Nd7 16. Nc3 Rc8 17. Qa4 O-O 18. Qxa7 f5 19. f4 Nc5 20. Bxc5 Rxc5 21. Rad1 Rc7 22.
Qa5 Qb8 23. Qd5+ Kh8 24. Qb3 Rb7 25. Qe6 Rxb2 26. Qxe7 Rxc2+ 27. Rf2 Rxc3 28. Rxd6 Qa8+ 29. Kh3 Re8 30. Qg5 exf4 31. Rd7 Rg8 32. Qxf4 Rc6 33.
Rd6 Rxd6 34. Qxd6 Qe4 35. Qf4 Qe7 36. Qxf5 h6 37. a4 Ra8 38. a5 Qa7 39. Ra2 Qa6 40. Qf2 Ra7 41. Kg2 Kh7 42. h4 Qc6+ 43. Kh2 Qb7 44. Qf5+ Kh8 45. Rc2 Ra8 46. Qe6 Rg8 47.
a6 Qf3 48. Ra2 Qc3 49. Qe2 Rf8 50. a7 Qc8 51. a8=Q Qxa8 52. Rxa8 Rxa8 53. Qe4 Rg8 54. Kh3 Rf8 55. Kg4 Kg8 56. Qc4+ Kh8 57. h5 Kh7 58.
Qe6 Rf6 59. Qe4+ Kh8 60. Qe5 Kh7 61. Qxf6 gxf6 62. Kf5 Kg7 63. Ke6 f5 64. Kxf5 Kh7 65.
Kf6 1-0

[Event "*** Titled Tuesday Blitz"]
[Site "Chess.com"]
[Date "2021.03.09"]
[Round "10"]
[White "Anton_Demchenko"]
[Black "Kurkusha"]
[Result "1-0"]
[WhiteElo "2841"]
[BlackElo "2384"]
[TimeControl "180+1"]
[EndTime "12:01:01 PST"]
[Termination "Anton_Demchenko won by checkmate"]

1. e4 e5 2. Nf3 Nc6 3. Bc4 Bc5 4. d3 Nf6 5. Bg5 h6 6. Bh4 g5 7. Bg3 Qe7 8. c3 Bb6 9. Nbd2 d6 10. Qc2 h5 11. h4 g4 12. Ng1 Be6 13. Bb5 Nd7 14.
Ne2 f5 15. exf5 Bxf5 16. Ne4 d5 17. Ng5 O-O-O 18. Bxc6 bxc6 19. O-O-O Rhe8 20. Rhe1 Qf6 21. Kb1 Qg6 22. Ka1 Nc5 23. Nc1 e4 24. d4 Nd3 25.
Nxd3 exd3 26. Qd2 c5 27. Be5 c4 28. Qf4 Rd7 29. f3 Rde7 30. b3 Ba5 31. Kb2 Bd7 32. b4 Bb6 33. Rd2 a5 34. a3 axb4 35.
axb4 Qf5 36. Qxf5 Bxf5 37. f4 Kb7 38. Ra1 c6 39. g3 Bc7 40. Rdd1 Bxe5 41. dxe5 Kb6 42.
Kc1 c5 43. bxc5+ Kxc5 44. Kd2 Rb7 45. Ra5+ Kc6 46. Ke3 Rb2 47. Kd4 Rd8 48. Ra6+ Rb6 49. Rxb6+ Kxb6 50. e6 Kc6 51. Ke5 Bg6 52. f5 Be8 53. Kd4 Kd6 54. Ra1 Ke7 55. Ke5 Rb8 56. Ra7+ Kf8 57. Nh7+ Kg8 58. Nf6+ Kf8 59. Nxd5 d2 60. Ra1 Rb2 61. Rd1 Rc2 62. Kd4 Rb2 63. Ne3 Bc6 64. Nxc4 Ra2 65. Rxd2 Ra4 66. Kc5 Bf3 67.
Rd6 Ke7 68. Rd7+ Kf6 69. Rf7# 1-0

[Event "*** Titled Tuesday Blitz"]
[Site "Chess.com"]
[Date "2021.03.09"]
[Round "10"]
[White "frederiksvane"]
[Black "FormerProdigy"]
[Result "0-1"]
[WhiteElo "2667"]
[BlackElo "2849"]
[TimeControl "180+1"]
[EndTime "12:01:09 PST"]
[Termination "FormerProdigy won by resignation"]

1. e4 e5 2. Nf3 Nc6 3. Bb5 a6 4. Ba4 Nf6 5. O-O Be7 6. d3 d6 7. c3 O-O 8. Re1 Re8 9. Nbd2 Bf8 10. Nf1 g6 11. Ng3 Bg7 12. h3 b5 13. Bb3 Na5 14.
Bc2 c5 15. a3 c4 16. d4 Bb7 17. Be3 exd4 18. Bxd4 Nc6 19. Be3 d5 20. Bg5 dxe4 21.
Qxd8 Nxd8 22. Bxf6 Bxf6 23. Nxe4 Bxe4 24. Bxe4 Ra7 25. Bd5 Rxe1+ 26. Rxe1 Rd7 27. Be4 Ne6 28. Kf1 Nc5 29. Bc2 Kf8 30. Ke2 Nd3 31. Bxd3 Rxd3 32.
Rd1 Rxd1 33. Kxd1 Ke7 34. Nd2 Ke6 35. Ne4 Be7 36. Ke2 f5 37. Nd2 Bg5 38. Kd1 Kd5 39. Nf3 Bf6 40. Nd2 h5 41. Kc2 g5 42. Nf3 g4 43.
Nd2 Bg5 44. Nf1 Bf4 45. h4 Ke4 46. Nd2+ Bxd2 47. Kxd2 Kf4 48. Ke2 Ke4 49. Kd2 f4 50.
Ke2 f3+ 51. gxf3+ gxf3+ 52. Kd2 Kf4 53. Ke1 Kg4 54. Kf1 Kxh4 55. Kg1 Kh3 56. Kh1 a5 57. Kg1 Kh4 58. Kh2 Kg4 59. Kh1 Kf4 60. Kh2 Ke4 61. Kg3 Kd3 62. Kxf3 h4 63. Kg4 Ke4 64. Kxh4 Kf3 65. Kg5 Kxf2 66. Kf4 Ke2 67. Ke4 Kd2 68. Kd4 Kc2 69. Kc5 Kxb2 70. Kxb5 Kxc3 71. a4 Kb3 72. Kxa5 c3 73. Kb6 c2 74. a5 c1=Q 75. a6 Qe3+ 76.
Kb7 Qe4+ 77. Kb8 Qe5+ 78. Kb7 Qb5+ 79. Ka8 Qxa6+ 0-1

[Event "*** Titled Tuesday Blitz"]
[Site "Chess.com"]
[Date "2021.03.09"]
[Round "10"]
[White "Piotrek1979"]
[Black "halldorgretar"]
[Result "1-0"]
[WhiteElo "2352"]
[BlackElo "2235"]
[TimeControl "180+1"]
[EndTime "12:01:11 PST"]
[Termination "Piotrek1979 won by checkmate"]

1. e4 c5 2. Nf3 Nc6 3. d4 cxd4 4. Nxd4 Nf6 5. Nc3 e5 6. Ndb5 d6 7. Bg5 a6 8. Na3 b5 9. Nd5 Be7 10. Bxf6 Bxf6 11. c3 O-O 12. Nc2 Bg5 13. a4 bxa4 14.
Rxa4 a5 15. Bc4 Rb8 16. b3 Kh8 17. h4 Bh6 18. Nce3 Bxe3 19. Nxe3 f5 20. exf5 Bxf5 21. O-O Qf6 22. Nxf5 Qxf5 23. Qxd6 Rf6 24. Qd2 Rd8 25. Qg5 Qc2 26. Bb5 Rg6 27. Qe3 Qxb3 28. Bxc6 Rxc6 29.
Rxa5 Qxc3 30. Qxe5 Qxe5 31. Rxe5 Rc4 32. g3 h6 33. h5 Rf8 34. Kg2 Rc2 35. g4 Rc3 36. f3 Kh7 37. Re6 Rf7 38. Kg3 Rd3 39. Rf2 Rc3 40. Rd6 Rb3 41. Rd1 Rc3 42. Rdf1 g6 43.
hxg6+ Kxg6 44. Rd1 Rb3 45. Rd6+ Kg7 46. Kg2 Rf4 47.
Re6 Rf7 48. f4 Rf6 49. Re7+ Rf7 50. Rxf7+ Kxf7 51. Rf3 Rb2+ 52. Kg3 Rb1 53. Rc3 Rg1+ 54. Kh3 Rh1+ 55. Kg2 Re1 56. Rc6 Re7 57. Rxh6 Kg7 58.
g5 Re3 59. Rf6 Ra3 60. Kf2 Rb3 61. Re6 Rc3 62. Re3 Rc4 63. Kf3 Rc1 64. Kg4 Rg1+ 65.
Kf5 Rb1 66. Re7+ Kf8 67. Ra7 Rb5+ 68. Kg4 Rb4 69. g6 Kg8 70. Kg5 Rb5+ 71. f5 Rb1 72. Ra8+ Kg7 73. f6# 1-0

[Event "*** Titled Tuesday Blitz"]
[Site "Chess.com"]
[Date "2021.03.09"]
[Round "10"]
[White "tusplingher"]
[Black "Zmeeed63"]
[Result "0-1"]
[WhiteElo "2320"]
[BlackElo "2460"]
[TimeControl "180+1"]
[EndTime "12:01:13 PST"]
[Termination "Zmeeed63 won on time"]

1. e4 Nc6 2. d4 d5 3. e5 Bf5 4. c3 e6 5. Nf3 Nge7 6. Bd3 f6 7. exf6 gxf6 8. O-O Qd7 9. b4 Nd8 10. a4 Rg8 11.
Re1 Bh3 12. g3 Nf5 13. Qc2 Be7 14. Kh1 Bg4 15. Ng1 h5 16. h3 Bxh3 17. Nxh3 Nxg3+ 18.
fxg3 Rxg3 19. Nf4 e5 20. Bf5 Qd6 21. Nxh5 Rg8 22. Bg6+ Kd7 23. Qf5+ Ne6 24. Bf7 Rh8 25. dxe5 Rxh5+ 26. Bxh5 fxe5 27. Rxe5 Rf8 28. Qxe6+ Qxe6 29. Rxe6 Kxe6 30. Nd2 Rh8 31. Kg2 Rxh5 32. Nf3 Bf6 33. Bd2 Kd6 34. Re1 b6 35. Bf4+ Kd7 36. Nd4 c5 37. bxc5 bxc5 38. Nb5 a6 39. Na3 Bxc3 40. Re3 Bd4 41. Rd3 Rf5 42. Bg3 Rg5 43. Nc2 Bb2 44. Kf3 Kc6 45. Ne3 c4 46. Rd2 c3 47. Rc2 d4 48. Nc4 Ba1 49. Ne5+ Kd5 50. Nd3 Rf5+ 51. Ke2 Kc4 52. Be1 Kb3 53. Rc1 Bb2 54. Rd1 Rh5 55.
Bf2 c2 56. Rd2 c1=Q 57. Nxc1+ Bxc1 58. Rxd4 Re5+ 59. Kd1 Bb2 60. Rd3+ Kxa4 61. Kc2 Ba3 62. Bd4 Rd5 63. Kb1 Bb4 64. Ka2 Kb5 65. Rd1 Bc5 66. Rb1+ Kc4 67. Bb2 Kb5 68. Ba3+ Kc6 69. Rc1 Kb5 0-1

[Event "*** Titled Tuesday Blitz"]
[Site "Chess.com"]
[Date "2021.03.09"]
[Round "10"]
[White "jovencata"]
[Black "stepakyedael"]
[Result "1/2-1/2"]
[WhiteElo "2186"]
[BlackElo "2282"]
[TimeControl "180+1"]
[EndTime "12:01:16 PST"]
[Termination "Game drawn by repetition"]

1. Nf3 Nf6 2. g3 g6 3. Bg2 Bg7 4. O-O O-O 5. d4 d6 6. c3 Nbd7 7. Nbd2 e5 8. e4 Qe7 9. Re1 c6 10. dxe5 Nxe5 11. Nxe5 dxe5 12. Nc4 Bg4 13. Qc2 Nd7 14.
b4 Be6 15. Bf1 f5 16. a4 f4 17. Ba3 c5 18. b5 b6 19. Rad1 Rad8 20. Rd2 Nb8 21.
Red1 Rxd2 22. Qxd2 Qg5 23. Bc1 h5 24. Qd6 Re8 25. a5 h4 26. axb6 axb6 27. Qxb6 hxg3 28. hxg3 Qg4 29. Rd8 Rxd8 30. Qxd8+ Kh7 31. Qh4+ Qxh4 32. gxh4 Bf6 33. Na5 Nd7 34. Ba3 Bxh4 35. b6 Nxb6 36. Bxc5 Nd7 37. Bd6 Kg8 38. c4 Kf7 39. c5 Be7 40. Nc6 Bxd6 41. cxd6 Ke8 42. Bb5 Kf7 43.
Nd8+ Kf6 44. Nb7 Nb6 45. Nc5 Bc8 46. d7 Nxd7 47. Bxd7 Bxd7 48. Nxd7+ Ke6 49. Nc5+ Kd6 50. Nd3 g5 51. Kg2 g4 52. f3 g3 53. Kh3 Ke6 54.
Kg2 Kf6 55. Nc1 Ke6 56. Ne2 Kf6 57. Nxg3 fxg3 58. Kxg3 Kg5 59. f4+ exf4+ 60. Kf3 Kg6 61. Kxf4 Kf6 62. e5+ Ke6 63. Ke4 Ke7 64. Kf5 Kf7 65.
Kg4 Ke6 66. Kf4 Ke7 67. Ke4 Ke6 68. Kd4 Ke7 69. Kd5 Kd7 70. e6+ Ke7 71. Ke5 Ke8 72.
Kf4 Ke7 73. Kf5 Ke8 74. Ke5 Ke7 75. Kd5 Ke8 76. Kd6 Kd8 77. Ke5 Ke7 78. Kf5 Ke8 79. Kf4 Ke7 80. Ke5 Ke8 81. Kd6 Kd8 82.
Kd5 Ke7 83. Ke5 1/2-1/2